 Dungeon Crawl Stone Soup version 0.29.1-15-g9cfb28693d (webtiles) character file.

Game seed: 18331684431820216208

27 Silvore the Trooper (level 2, -1/24 HPs)
             Began as a Demonspawn Monk on Apr 30, 2023.
             Slain by a kobold
             ... wielding a +0 dagger
              (3 damage)
             ... on level 2 of the Dungeon.
             The game lasted 00:02:47 (1260 turns).

Silvore the Trooper (Demonspawn Monk)               Turns: 1260, Time: 00:02:48

Health: -1/24      AC:  0    Str: 11    XL:     2   Next: 93%
Magic:  2/2        EV: 13    Int: 11    God:
Gold:   45         SH:  0    Dex: 15    Spells: 1/1 levels left

rFire   . . .      SeeInvis .   a - +0 hand axe
rCold   . . .      Faith    .   (no shield)
rNeg    . . .      Spirit   .   (no body armour)
rPois   .          Reflect  .   (no helmet)
rElec   .          Harm     .   (no cloak)
rCorr   .          Rampage  .   (no gloves)
Will    .....                   (no boots)
Stlth   ++........              (no amulet)
HPRegen 0.08/turn               (no ring)
MPRegen 0.08/turn               (no ring)

@: no status effects
A: claws 1
a: no special abilities


You were on level 2 of the Dungeon.
You visited 1 branch of the dungeon, and saw 2 of its levels.

You collected 45 gold pieces.

Inventory:

Hand Weapons
 a - a +0 hand axe (weapon)
Armour
 b - a +0 robe
 e - a +0 ring mail
Scrolls
 d - a scroll of enchant armour {unknown}
 f - a scroll of fear {unknown}
 h - a scroll of acquirement {unknown}
 i - a scroll of enchant weapon {unknown}
 j - a scroll of butterflies {unknown}
 k - a scroll of teleportation {unknown}
Potions
 c - a potion of ambrosia
 g - a potion of attraction {unknown}


   Skills:
 + Level 3.4 Fighting
 + Level 3.1 Axes
 + Level 0.5 Armour
 + Level 2.9 Dodging
 + Level 1.8 Stealth


You had one spell level left.
You didn't know any spells.
Your spell library was empty.

Dungeon Overview and Level Annotations

Branches:
Dungeon (2/15)

Altars:
Dithmenos


Innate Abilities, Weirdness & Mutations

You have sharp fingernails.


Message History

You kill the goblin!
Dithmenos accepts your kill.
You see here a +0 dagger.
You see here a +0 flail.
j - a scroll labelled MEMEIL SUDOQ Done exploring.
Done exploring.
Things that are here:
a +0 dagger; 3 stones You see here a +0 robe.
There is a stone staircase leading down here.
You climb downwards.
There is a stone staircase leading up here.
Found 11 gold pieces.
Found a stone staircase leading up.
k - a scroll labelled ZIEDAJ ISMEI You now have 45 gold pieces (gained 11).
A kobold comes into view. It is wielding a +0 dagger.
A kobold is nearby!
A kobold is nearby!
The kobold shouts!
The kobold misses you.
Unknown command.
The kobold hits you with a +0 dagger.
Really renounce your faith, foregoing its fabulous benefits?
Are you sure?
You have lost your religion!
Dithmenos does not appreciate desertion!
Your aura of darkness fades away.
The kobold hits you with a +0 dagger. The kobold hits you with a +0 dagger.
The kobold closely misses you. The kobold hits you with a +0 dagger.
The kobold hits you with a +0 dagger. The kobold hits you with a +0 dagger.
* * * LOW HITPOINT WARNING * * *
The kobold hits you with a +0 dagger.
* * * LOW HITPOINT WARNING * * *
The kobold hits you with a +0 dagger.
You die...

... #.# #.# #.. #.# #.#
### #.# #.#<.. #.#
#.#..##.# #K# #.#..##.#
#@# #.#..##.#
#.####.......#
...###........#.#.#
.........#.......#.#####
.........#......##.#....
.....................###
.#.#######.......#.###..
# #######.#......
#...#####


You could see a kobold.

Vanquished Creatures
  A dart slug (D:1)
  A bat (D:1)
  3 giant cockroaches (D:1)
  3 goblins (D:1)
  3 hobgoblins (D:1)
  2 quokkas (D:1)
  2 ball pythons (D:1)
  A frilled lizard (D:1)
  3 kobolds (D:1)
  3 rats (D:1)
22 creatures vanquished.

Notes
Turn   | Place    | Note
-------+----------+-------------------------------------------
     0 | D:1      | Silvore the Demonspawn Monk began the quest for the Orb.
     0 | D:1      | Reached XP level 1. HP: 18/18 MP: 1/1
    49 | D:1      | Found a faded altar of an unknown god.
   152 | D:1      | Prayed at the altar of an unknown god.
   152 | D:1      | Became a worshipper of Dithmenos the Shadowed
   152 | D:1      | Reached * piety under Dithmenos
   152 | D:1      | Reached ** piety under Dithmenos
   427 | D:1      | Gained mutation: You have sharp fingernails. [demonic
                  | ancestry]
   427 | D:1      | Reached XP level 2. HP: 20/24 MP: 2/2
   914 | D:1      | Reached *** piety under Dithmenos
  1253 | D:2      | Fell from the grace of Dithmenos
  1260 | D:2      | Slain by a kobold

Illustrated notes

Levels and vault maps discovered:
D:1:      scummos_arrival_simple_crosswalls, layout_loops_ring,
          chequers_ecumenical_altar_island, amcnicky_mini_rare_corridor_liquid,
          dreamdust_princess_corridor, skrybe_limestone_x
D:2:      layout_basic, serial_corexii_hall, corexii_hall_statues_s,
          corexii_hall_statues_x, uniq_sigmund, uniq_crazy_yiuf_cottage,
          uniq_terence, uniq_jessica

Skill      XL: |  1  2 |
---------------+-------+-----
Axes           | 3 |  3.1
Fighting       | |  3.4
Armour         | |  0.5
Dodging        | |  2.9
Stealth        | |  1.8

Action                   || total
-------------------------++-------
Melee: Hand axe          ||    68
       Punch             ||     1
Invok: Renounce Religion ||     1
 Stab: Sleeping          ||     2
Armor: Ring mail         ||    10
       Robe              ||     3
Dodge: Dodged            ||    40
